 Dungeon Crawl Stone Soup version 0.13-a0-2382-gbc6a47d (webtiles) character file.

5066 JogiH the Thaumaturge (level 10, -4/86 HPs)
             Began as a Djinni Wizard on July 14, 2013.
             Was a Priest of Sif Muna.
             Shot with an arrow by a centaur (7 damage)
             ... on Level 8 of the Dungeon.
             The game lasted 01:07:33 (18237 turns).

JogiH the Thaumaturge (Djinni Wizard)              Turns: 18237, Time: 01:07:33

HP  -4/86        AC 10     Str  7      XL: 10   Next: 24%
MP   0/0         EV 12     Int 21      God: Sif Muna [***...]
Gold 282         SH  0     Dex 13      Spells:  6 memorised, 16 levels left

Res.Fire  : + + +   See Invis. : .   g - +1 short sword (venom)
Res.Cold  : x . .   Warding    : .   a - +0 robe
Life Prot.: + + +   Conserve   : .   (no shield)
Res.Poison: .       Res.Corr.  : .   Y - +1 dwarf helmet
Res.Elec. : .       Clarity    : .   U - +1 dwarf cloak
Sust.Abil.: . .     Spirit.Shd : .   m - +0 pair of gloves
Res.Mut.  : .       Stasis     : .   (boots unavailable)
Res.Rott. : .       Flight     : .   (no amulet)
Saprovore : . . .                    B - ring of invisibility
                                     s - +3 ring of protection

@: somewhat resistant to hostile enchantments, unstealthy
A: no striking features
a: Channel Energy, Forget Spell, Renounce Religion, Evoke Invisibility


You were on level 8 of the Dungeon.
You worshipped Sif Muna.
Sif Muna was greatly pleased with you.
You were not hungry.

You visited 3 branches of the dungeon, and saw 11 of its levels.

You collected 328 gold pieces.
You spent 66 gold pieces at shops.

Inventory:

Hand weapons
 f - a +0,+0 elven spear
 g - a +1,+1 short sword of venom (weapon)
 n - a -1,-2 hand axe
 F - a cursed -1,-1 orcish flail
 H - a +1,+3 orcish dagger
 N - a +1,+3 mace of draining
 O - a cursed +1,+3 falchion
 P - a cursed +1,+3 dagger of freezing
 Z - a cursed +0,+0 great sword
Missiles
 d - 22 sling bullets
 r - a throwing net (quivered)
Armour
 a - a +0 robe (worn)
 b - a +0 wizard hat
 m - a +0 pair of gloves (worn)
 U - a +1 dwarven cloak (worn)
 V - a +0 pair of orcish gauntlets
 Y - a +1 dwarven helmet (worn)
Magical devices
 Q - a wand of confusion (7) {unknown}
 R - a wand of fire (9) {unknown}
 S - a wand of fire (8) {unknown}
Scrolls
 e - 5 scrolls of identify {unknown}
 h - 2 scrolls of curse jewellery {unknown}
 i - 2 scrolls of fear
 o - 2 scrolls of remove curse
 t - a scroll of amnesia {unknown}
 v - 4 scrolls of blinking {unknown}
 w - a scroll of fog {unknown}
 y - 2 scrolls of recharging {unknown}
 A - 2 scrolls of enchant weapon I {unknown}
 D - 2 scrolls of magic mapping {unknown}
 E - 4 scrolls of teleportation
 J - a scroll of immolation
 L - a scroll of enchant armour {unknown}
 W - 3 scrolls of random uselessness {unknown}
Jewellery
 s - a +3 ring of protection (left hand)
 B - a ring of invisibility (right hand)
 M - an uncursed ring of fire
Potions
 j - a potion of confusion {unknown}
 k - a potion of agility {unknown}
 l - 2 potions of curing
 p - a potion of slowing {unknown}
 q - a potion of brilliance {unknown}
 u - 4 potions of heal wounds {unknown}
 x - a potion of flight {unknown}
 z - a potion of poison {unknown}
 C - a potion of magic {unknown}
 G - a potion of restore abilities {unknown}
 I - 2 potions of paralysis {unknown}
 K - a potion of degeneration {unknown}
 T - 2 potions of might
Books
 c - a book of Minor Magic

   Spells                             Type                      Level
   *Magic Dart                        Conjuration                  1
   *Blink                             Translocation                2
   *Call Imp                          Summoning                    2
   *Repel Missiles                    Charms/Air                   2
   Slow                               Hexes                        2
   *Conjure Flame                     Conjuration/Fire             3
   *Mephitic Cloud                    Conjuration/Poison/Air       3
 X - a Young Poisoner's Handbook

   Spells                             Type                      Level
   Sting                              Conjuration/Poison           1
   Cure Poison                        Poison                       2
   *Mephitic Cloud                    Conjuration/Poison/Air       3
   Olgreb's Toxic Radiance            Poison                       4
   Venom Bolt                         Conjuration/Poison           5


   Skills:
 * Level 3.8 Fighting
 - Level 1.7 Dodging
 - Level 1.5 Stealth
 + Level 10.2 Spellcasting
 * Level 10.1 Conjurations
 - Level 2.0 Charms
 - Level 2.0 Summonings
 - Level 2.2 Translocations
 - Level 2.0 Fire Magic
 - Level 2.0 Air Magic
 - Level 2.0 Poison Magic
 * Level 3.7 Invocations
 - Level 2.1 Evocations


You had 16 spell levels left.
You knew the following spells:

 Your Spells              Type           Power        Failure   Level  Hunger
a - Magic Dart            Conj           ####         1%          1    None
b - Blink                 Tloc           N/A          4%          2    None
c - Call Imp              Summ           ###.......   4%          2    None
d - Conjure Flame         Conj/Fire      #####...     1%          3    None
e - Mephitic Cloud        Conj/Pois/Air  ####....     2%          3    None
f - Repel Missiles        Chrm/Air       ###.......   4%          2    None


Dungeon Overview and Level Annotations

Branches:
Dungeon (9/27)             Temple (1/1) D:5             Orc (0/4) D:8
   Lair (1/8) D:8

Altars:
Ashenzari
Cheibriados
Elyvilon
Fedhas
Kikubaaqudgha
Makhleb
Nemelex Xobeh
Okawaru
Sif Muna
Trog
Vehumet
Xom
Yredelemnul
Zin
the Shining One

Shops:
D:5: *}*= D:8: }(

Annotations
D:7 Dowan, Duvessa
D:8 Eustachio


Message History

Your white imp dies!
The wolf bites you but does no damage.
The centaur shoots an arrow.
The arrow hits you!
* * * LOW HITPOINT WARNING * * *
You see here an arrow.
The wolf bites you.
* * * LOW HITPOINT WARNING * * *
Casting: Call Imp
Confirm with . or Enter, or press ? or * to list all spells.
You blink.
Eustachio casts a spell.
Eustachio casts a spell.
Eustachio blinks!
You see here an orcish hammer.
The grey rat misses you.
The centaur shoots an arrow.
The arrow hits you!
* * * LOW HITPOINT WARNING * * *
You see here an arrow.
The centaur shoots an arrow.
The arrow hits you!
You die...

.......# #.#[# #.......(....##
.......# #.#.# #......§....'##
.......# #.#.# #..............
.#####.# #.#.# #.....>.∩...... )#
#.# #.#.# #....c......... .# #.#
#∩#.###.............. .#
#.######.#.##....§..........
.#####......)...##.##.#..##......
....##.....##...@(hr..#..##......
.....+.....############..##.##'##
%...##.....############..##.##'#
.....+.....'........).....).....
'#####.....#####....(<#.)##.#....
.........#.# ##########.)##.#....
##########.# #5.@....)...##.#....
#.# #%#####)....##.##### #.# #.#
#....)##.# #..


You could see a wolf, a centaur and a grey rat.

Vanquished Creatures
  Erolcha (D:8)
  Pikel (D:4)
  Psyche (D:8)
  A hungry ghost (D:9)
  A wyvern (D:8)
  2 hippogriffs (D:9)
  Menkaure (D:5)
  3 orc warriors (D:8)
  4 slaves (D:4)
  7 ogres
  An ice beast (D:8)
  2 sky beasts
  3 centaurs
  Blork the orc (D:4)
  5 giant frogs
  6 killer bees (D:8)
  4 wights (D:6)
  2 crimson imps
  2 orc priests (D:5)
  2 scorpions
  6 orc wizards
  3 jellies
  3 worker ants
  2 iguanas
  An ogre zombie (D:8)
  A big kobold zombie (D:7)
  A hound zombie (D:9)
  2 giant mites
  7 adders
  An inept feature mimic (D:6)
  3 worms
  A giant eyeball (D:5)
  6 giant geckos
  2 oozes
  19 orcs
  A ball python (D:6)
  A bat skeleton (D:8)
  6 giant cockroaches
  11 hobgoblins
  5 quokkas
  16 bats
  3 giant newts
  15 goblins
  A goblin skeleton (D:4)
  12 jackals
  13 kobolds
  15 rats
  A rat skeleton (D:6)
208 creatures vanquished.

Vanquished Creatures (collateral kills)
  A wolf (Lair:1)
  An orc priest (D:5)
  An orc wizard (D:4)
  A worker ant zombie (D:5)
  3 adders
  2 oozes
  3 orcs (D:4)
  A hobgoblin (D:6)
  2 jackals
  A giant cockroach (D:8)
  A giant newt (D:3)
17 creatures vanquished.

Vanquished Creatures (others)
  2 crimson imps
  A scorpion (D:4)
  3 iron imps
  A water moccasin skeleton (D:4)
  A shadow imp (D:4)
  6 white imps
  2 giant newts
  A rat (D:8)
17 creatures vanquished.

Grand Total: 242 creatures vanquished

Notes
Turn   | Place    | Note
--------------------------------------------------------------
     0 | D:1      | JogiH, the Djinni Wizard, began the quest for the Orb.
     0 | D:1      | Reached XP level 1. HP: 14/14 MP: 0/0
   294 | D:1      | Reached skill level 4 in Spellcasting
   397 | D:1      | Reached XP level 2. EP: 16/23
   446 | D:1      | Learned a level 2 spell: Blink
   449 | D:1      | Learned a level 2 spell: Call Imp
  1346 | D:2      | Reached XP level 3. EP: 26/29
  2059 | D:2      | Reached skill level 5 in Spellcasting
  2883 | D:3      | Found a basalt altar of Yredelemnul.
  2892 | D:3      | Reached XP level 4. EP: 28/38
  3166 | D:4      | Noticed an ogre
  3252 | D:3      | Learned a level 3 spell: Conjure Flame
  3256 | D:3      | Learned a level 3 spell: Mephitic Cloud
  3589 | D:5      | Entered Level 5 of the Dungeon
  3589 | D:5      | Noticed an ogre
  3797 | D:4      | Noticed an ogre
  3806 | D:4      | Killed an ogre
  3806 | D:4      | Reached skill level 1 in Fire Magic
  3806 | D:4      | Reached skill level 1 in Air Magic
  3806 | D:4      | Reached XP level 5. EP: 30/44
  3901 | D:4      | Killed an ogre
  3901 | D:4      | Reached skill level 1 in Poison Magic
  3901 | D:4      | Reached XP level 6. EP: 38/53
  5652 | D:3      | Learned a level 2 spell: Repel Missiles
  6074 | D:5      | Noticed Blork the orc
  6603 | D:4      | Reached skill level 6 in Spellcasting
  7104 | D:4      | Killed Blork the orc
  7104 | D:4      | Killed an ogre
  7104 | D:4      | Reached XP level 7. EP: 5/59
  8638 | D:5      | Noticed Menkaure
  8650 | D:5      | Killed Menkaure
  8650 | D:5      | Reached skill level 7 in Spellcasting
  8650 | D:5      | Reached skill level 5 in Conjurations
  8911 | D:5      | Found Blaat's General Store.
  8913 | D:5      | Found Wokit's Assorted Antiques.
  8920 | D:5      | Found Peifrom's Gadget Shop.
  8922 | D:5      | Found a staircase to the Ecumenical Temple.
  8979 | Temple   | Entered the Ecumenical Temple
  9117 | D:5      | Found Ybom's Jewellery Boutique.
  9118 | D:5      | Bought a potion of curing for 22 gold pieces
  9118 | D:5      | Bought a scroll of immolation for 11 gold pieces
  9118 | D:5      | Bought a scroll of teleportation for 33 gold pieces
  9125 | D:5      | Noticed a slave
  9156 | D:5      | Noticed a slave
  9355 | D:5      | Noticed Pikel
  9355 | D:5      | Noticed a slave
  9367 | D:4      | Killed a slave
  9527 | D:5      | Noticed a slave
  9538 | D:4      | Killed a slave
  9548 | D:4      | Killed a slave
  9569 | D:4      | HP: 3/60 [worm (7)]
  9809 | D:4      | Killed a slave
  9901 | D:4      | Killed Pikel
  9901 | D:4      | Reached skill level 1 in Fighting
  9901 | D:4      | Reached skill level 1 in Charms
  9901 | D:4      | Reached skill level 1 in Evocations
  9901 | D:4      | Reached XP level 8. EP: 2/68
 11034 | D:5      | Found a sparkling altar of Nemelex Xobeh.
 11038 | D:5      | Noticed an ogre
 11043 | D:5      | Killed an ogre
 11043 | D:5      | Reached skill level 8 in Spellcasting
 11192 | D:5      | Found a deep blue altar of Sif Muna.
 11202 | D:5      | Became a worshipper of Sif Muna the Loreminder
 13219 | D:7      | Acquired Sif Muna's first power
 13470 | D:7      | Reached XP level 9. EP: 56/76
 14116 | D:7      | Noticed Duvessa
 14119 | D:7      | HP: 1/76 [ogre/giant club (20)]
 14120 | D:7      | Noticed Dowan
 14462 | D:8      | Found Plog's Gadget Shop.
 14479 | D:8      | Reached skill level 9 in Spellcasting
 14597 | D:8      | Reached skill level 1 in Invocations
 14795 | D:8      | Found a staircase to the Orcish Mines.
 14797 | D:8      | Found Strimopil's Weapon Emporium.
 14804 | D:8      | Found a staircase to the Lair.
 15154 | D:8      | Noticed Psyche
 15157 | D:8      | Noticed Erolcha
 15162 | D:8      | Killed Erolcha
 15162 | D:8      | Acquired Sif Muna's second power
 15173 | D:8      | Killed Psyche
 15202 | D:8      | Noticed Eustachio
 16788 | D:8      | Reached XP level 10. EP: 74/85
 17153 | D:8      | Reached skill level 10 in Spellcasting
 17676 | D:9      | Reached skill level 10 in Conjurations
 18052 | Lair:1   | Entered Level 1 of the Lair of Beasts
 18052 | Lair:1   | Noticed an eight-headed hydra
 18236 | D:8      | HP: 2/86 [centaur/arrow (16)]
 18237 | D:8      | Shot with an arrow by a centaur

Action                   |  1- 3 |  4- 6 |  7- 9 | 10-12 || total
-------------------------+-------+-------+-------+-------++-------
Melee: Short sword       |    18 |    13 |    90 |    36 ||   157
Throw: Throwing net      |     2 |       |       |       ||     2
 Cast: Magic Dart        |    98 |    85 |   254 |    39 ||   476
       Call Imp          |    10 |     8 |    24 |     7 ||    49
       Conjure Flame     |       |    13 |    64 |    11 ||    88
       Mephitic Cloud    |       |     6 |    49 |     9 ||    64
       Repel Missiles    |       |     4 |       |       ||     4
       Blink             |       |     1 |     1 |     2 ||     4
Invok: Channel Energy    |       |       |     8 |     4 ||    12
  Use: Scroll            |     3 |       |       |       ||     3
       Potion            |       |       |     5 |       ||     5
 Stab: Confused          |       |       |     2 |       ||     2
